[Event "Indian Blitz Championship 2023"]
[Site "Nashik"]
[Date "2024.03.07"]
[Round "3.1"]
[White "Utsab Chatterjee"]
[Black "Ghosh, Diptayan"]
[Result "0-1"]
[ECO "B12"]
[WhiteElo "2301"]
[BlackElo "2559"]
[Annotator "TA"]
[PlyCount "49"]
[EventDate "2024.03.07"]
[EventType "blitz"]
[EventCountry "IND"]
[SourceTitle "playchess.com"]
[Source "ChessBase"]
[SourceQuality "1"]
[TimeControl "180+2"]

1. e4 c6 2. d4 d5 3. e5 Bf5 4. h4 h6 5. g4 Be4 6. f3 Bh7 {[%emt 0:00:01] [#]} 7. e6 $1 Nf6 (7... Qd6 8. exf7+) 8. Nc3 $1 Qd6 {[%emt 0:00:08] Prevents Bf4.} 9. exf7+ Kxf7 {[%emt 0:00:01] White has an edge.} 10. f4 (10. Be3 $14) 10... Qe6+ $11 11. Qe2 Nxg4 12. Qxe6+ Kxe6 13. Bh3 {[%emt 0:00:01] [#]} (13. Nf3 $15) 13... Bf5 (13... h5 $1 $17 14. Rh2 (14. Nf3 Bxc2 15. Ne2 g6 $17) 14... Kd7) 14. Nf3 (14. h5 $1 $11) 14... Nd7 (14... g6 $17 15. Bd2 Nd7) 15. Bd2 (15. h5 $15) 15... h5 $17 16. O-O g6 17. Rae1+ Kf6 18. Ne5 Rd8 19. Nd1 e6 20. Ne3 Be7 {[%emt 0:00:20] Some like it hot} ({Black should play} 20... Ndxe5 21. fxe5+ Kf7) 21. N5xg4+ {[%emt 0:00:18] This costs White the game.} (21. N3xg4+ hxg4 22. Bxg4 Nxe5 (22... Bxc2 23. f5 $14) (22... Rxh4 23. Bxf5 Kxf5 24. Re2 $15) 23. fxe5+ Kf7 $17) (21. Nxf5 $17 gxf5 22. Nf3) 21... hxg4 $19 {[%emt 0:00:02] Black is clearly better.} 22. Nxg4+ Kg7 23. Nf2 Bxh4 24. Bxf5 exf5 25. Bb4 {[%emt 0:00:06] Weighted Error Value: White=0.24 (precise) /Black=0.25 (precise) .  Mistake:       	White=5     	Black=3      OK:         	White=3     	Black=5      Best:        	White=1     	Black=1      Strong:       	White=1     	---} 0-1

[Event "Indian Blitz Championship 2023"]
[Site "Nashik"]
[Date "2024.03.07"]
[Round "3.2"]
[White "Mitrabha, Guha"]
[Black "Srihari L R"]
[Result "1-0"]
[ECO "E61"]
[WhiteElo "2526"]
[BlackElo "2490"]
[Annotator "TA"]
[PlyCount "75"]
[EventDate "2024.03.07"]
[EventType "blitz"]
[EventCountry "IND"]
[SourceTitle "playchess.com"]
[Source "ChessBase"]
[SourceQuality "1"]
[TimeControl "180+2"]

1. c4 Nf6 2. g3 g6 3. Bg2 Bg7 4. Nc3 O-O 5. d4 d6 6. e3 Nbd7 7. Nge2 e5 8. b3 Re8 9. Bb2 c6 10. Qc2 exd4 11. Nxd4 Nc5 {[%emt 0:00:18] The position is equal.} 12. O-O a5 13. Rad1 Bg4 14. Rd2 Qe7 15. h3 Bd7 16. Re1 Nfe4 17. Nxe4 Nxe4 18. Rdd1 a4 19. b4 a3 20. Ba1 c5 21. bxc5 dxc5 22. Nb3 {[%emt 0:00:06] [#] Bxg7 is the strong threat.} Bc6 23. Bxg7 Kxg7 24. h4 (24. Nd2 $11 {remains equal.}) 24... Qe5 25. Rc1 Rad8 {[%emt 0:00:05] Against Nd2} 26. Re2 $1 b6 27. Nd2 f5 28. Nxe4 fxe4 29. Qb3 (29. Rb1 $1 $14) 29... Rd3 $1 $11 (29... Qh5 $6 30. Rce1 $16) 30. Qxb6 Re6 (30... Qd6 $11) 31. Rb1 $16 Red6 32. Kh2 (32. Qc7+ $16 Kh6 33. Rb6 Qa1+ 34. Kh2) 32... h6 $2 {[%emt 0:00:03] A mistake that costs the game.} (32... g5 $14 33. Qc7+ Bd7) 33. Qc7+ $18 Bd7 34. Bh3 Qf6 (34... Re6 {keeps fighting.} 35. Qa7 Re7) 35. Rb7 $1 (35. Qxc5 Rd2 36. Rbe1 (36. Rxd2 Rxd2 37. Bg2 Rxf2 $11) 36... Bxh3 37. Kxh3 Rxe2 38. Qa7+ (38. Rxe2 Qf3 $14) 38... Kg8 (38... Qf7 39. Qxf7+ Kxf7 40. Rxe2 $14) 39. Rxe2 Qf3 $11) 35... Rd2 $2 (35... h5 36. Qxc5 Kh8 37. Bxd7 Rxd7 38. Rxd7 Rxd7 39. Qxa3 Kg7) 36. Bxd7 {[%emt 0:00:02] [#] Intending Rxd2 and mate.} Rxe2 37. Be6+ (37. Qxc5 {leads to mate.} Qxf2+ (37... Rxa2 38. Be6+ Kh8 39. Qxd6 $11) (37... Rxf2+ 38. Kh3) 38. Kh3 Qf1+ (38... Qxe3 39. Bg4+ Kh8 40. Qc8+) 39. Kg4 h5+) 37... Kf8 38. Rb8+ {[%emt 0:00:01] Weighted Error Value: White=0.12 (very precise) /Black=0.46.  Mistake:       	White=3     	Black=4      Inaccurate:     	White=1     	Black=3      OK:         	White=12    	Black=8      Best:        	White=3     	---        Strong:       	White=2     	Black=1} 1-0

[Event "Indian Blitz Championship 2023"]
[Site "Nashik"]
[Date "2024.03.07"]
[Round "3.3"]
[White "Kaustuv, Kundu"]
[Black "Karthik Venkataraman"]
[Result "0-1"]
[ECO "B00"]
[WhiteElo "2388"]
[BlackElo "2609"]
[Annotator "TA"]
[PlyCount "54"]
[EventDate "2024.03.07"]
[EventType "blitz"]
[EventCountry "IND"]
[SourceTitle "playchess.com"]
[Source "ChessBase"]
[SourceQuality "1"]
[TimeControl "180+2"]

1. Nf3 b6 2. e4 Bb7 3. Nc3 e6 4. a3 Nf6 5. e5 Nd5 6. Nxd5 Bxd5 7. d4 d6 8. Bd3 {[%emt 0:00:10] White is slightly better.} Nd7 9. Bf4 Be7 10. h4 h6 (10... dxe5 $11 11. Nxe5 Nxe5 12. Bxe5 Bxh4) 11. h5 ({White should play} 11. Qe2 $14) 11... dxe5 12. dxe5 Nc5 13. Bb5+ c6 14. Be2 Be4 15. b4 Na4 16. Bd2 {[%emt 0:00:29] Repels Nc3} O-O 17. c4 (17. Rh3 $11) 17... Nb2 $17 {[%emt 0:00:04] Black is more active.} 18. Qb3 Nd3+ 19. Kf1 {[%emt 0:00:01] [#] Strongly threatening Rd1.} Nxe5 20. Nxe5 {[%emt 0:00:29] Now White is beyond hope.} (20. Bxh6 $15 Bxf3 21. gxf3 gxh6 22. Qe3) 20... Qxd2 $19 21. Rd1 {[%emt 0:00:12] [#]} Qf4 (21... Qg5 22. Nf3 Qf6 23. Qe3 Bxf3 24. Qxf3 $15) 22. Ng4 (22. Qg3 {is a better defense.} Qxg3 23. fxg3) 22... Rfd8 {[%emt 0:00:04] aiming for ...Rxd1+.} 23. Ne3 a5 24. Rxd8+ (24. bxa5 $142 bxa5 25. Rxd8+ Bxd8 (25... Rxd8 $2 26. Qc3 $19) 26. Qd1) 24... Rxd8 25. bxa5 bxa5 26. Qb6 Qe5 {[%emt 0:00:12] ( -> ...Qa1+)} 27. Rh3 Qa1+ {[%emt 0:00:04] Weighted Error Value: White=0.92/Black=0.16 (very precise) .  Mistake:       	White=5     	Black=2      Inaccurate:     	White=6     	Black=4      OK:         	White=5     	Black=6      Best:        	---       	Black=3} 0-1

[Event "Indian Blitz Championship 2023"]
[Site "Nashik"]
[Date "2024.03.07"]
[Round "3.4"]
[White "Ravi, Teja S."]
[Black "Pimpalkhare Vedant"]
[Result "1-0"]
[ECO "A96"]
[WhiteElo "2437"]
[BlackElo "2254"]
[Annotator "TA"]
[PlyCount "74"]
[EventDate "2024.03.07"]
[EventType "blitz"]
[EventCountry "IND"]
[SourceTitle "playchess.com"]
[Source "ChessBase"]
[SourceQuality "1"]
[TimeControl "180+2"]

1. d4 e6 2. Nf3 f5 3. g3 Nf6 4. Bg2 Be7 5. O-O O-O 6. c4 d6 7. Nc3 Ne4 8. Nxe4 fxe4 9. Nd2 e3 10. fxe3 $16 {[%emt 0:00:03] White is better.} e5 11. Nb3 ({White should play} 11. Rxf8+ $16 Kxf8 12. Ne4) 11... Nd7 12. Bd2 Bf6 (12... Rxf1+ $14 13. Qxf1 c6) 13. Bc3 Qe7 {[%emt 0:00:02] [#]} 14. Qd3 $1 c6 15. Nd2 {[%emt 0:00:02][%cal Bb3d2,Bd2e4,Be4d6,Bd6f7,Bf7e5][%mdl 32] White is much more active.} Re8 (15... Nb6 $142 16. Ne4 Be6) 16. Rf2 $18 Bg5 (16... Nb6 $142 17. Ne4 Be6 18. Nxf6+ gxf6) 17. Ne4 Bh6 18. dxe5 $2 {[%emt 0:00:05] [#]} (18. Bb4 $18) 18... Nxe5 $11 19. Bxe5 (19. Qxd6 $2 Bxe3 20. Bb4 Qf7 $19 (20... Bxf2+ $2 21. Nxf2 Qxd6 22. Bxd6 $19)) 19... Qxe5 20. Kh1 $1 (20. Qxd6 $2 {perishes.} Bxe3 21. Qxe5 Rxe5 $19 (21... Bxf2+ $2 22. Nxf2 Rxe5 23. Bf3 $19)) (20. Nxd6 Rd8 21. Bd5+ Be6 $17 (21... cxd5 22. Nf7 $15)) 20... Bg4 ({Reject} 20... Bf5 21. Nf6+ Qxf6 22. Rxf5 $14) (20... Re7 {simplifies} 21. Qxd6 Qxd6 22. Nxd6 Bxe3 23. Rff1 Bc5) 21. Nxd6 (21. Raf1 $5) 21... Red8 {[%emt 0:00:10] White now steadily converts the win.} (21... Bxe3 $11 {and Black has nothing to worry.} 22. Nxe8 Bxf2) 22. Nf7 $1 $18 Rxd3 (22... Qe7 {keeps fighting.} 23. Nxh6+ (23. Nxd8 Rxd8 24. Qb3 Bxe3 $18) 23... gxh6) 23. Nxe5 Bxe3 (23... Bxe2 {might work better.} 24. Rxe2 Rxe3) 24. Nxd3 {[%emt 0:00:01] White is clearly winning.} Bxf2 25. Nxf2 Bxe2 26. b3 Rd8 27. Re1 Rd2 28. Ne4 Rc2 29. Nc5 Rxa2 30. Nxb7 g5 31. Bxc6 Rb2 32. Nc5 a5 33. Bd5+ Kg7 34. Na4 Rc2 35. Be4 Ra2 36. Nc3 Rb2 37. Nxe2 Kf6 {[%emt 0:00:13] Weighted Error Value: White=0.27 (precise) /Black=0.59.  Loses game:     	---       	Black=1      Missed win:     	White=1     	---        Mistake:       	White=1     	Black=6      Inaccurate:     	White=1     	Black=1      OK:         	White=9     	Black=3      Best:        	White=3     	---        Strong:       	White=3     	---} 1-0

[Event "Indian Blitz Championship 2023"]
[Site "Nashik"]
[Date "2024.03.07"]
[Round "3.5"]
[White "Raja Rithvik R"]
[Black "Abhishek, Kelkar"]
[Result "1-0"]
[ECO "D10"]
[WhiteElo "2532"]
[BlackElo "2182"]
[Annotator "TA"]
[PlyCount "74"]
[EventDate "2024.03.07"]
[EventType "blitz"]
[EventCountry "IND"]
[SourceTitle "playchess.com"]
[Source "ChessBase"]
[SourceQuality "1"]
[TimeControl "180+2"]

1. d4 d5 2. c4 c6 3. cxd5 cxd5 4. Nc3 Nc6 5. Nf3 Nf6 6. Bf4 a6 7. Rc1 e6 8. e3 Bd6 9. Bxd6 Qxd6 10. Bd3 O-O 11. O-O b5 12. e4 e5 {[%emt 0:01:34] [#]} (12... dxe4 $11 {keeps the balance.} 13. Nxe4 Nxe4 14. Bxe4 Bb7) 13. Nxd5 $1 $16 {[%emt 0:01:51][%cal Oc1c6] Threatens to win with Rxc6!} Nxd4 14. Nxd4 {[%emt 0:00:12] White is better.} exd4 $2 {[%emt 0:00:03][%mdl 8192] [#]} (14... Nxd5 $16 {was called for.} 15. exd5 exd4) 15. Rc6 $3 $18 Qd8 16. Nxf6+ gxf6 17. Qh5 Be6 18. e5 f5 19. Bxf5 (19. Rd6 Qe7 20. Bxf5 Bxf5 $18) 19... Bxf5 20. Qxf5 {[%emt 0:00:01] Rh6 would kill now.} Qd5 $2 (20... Qe7 $18 21. Rh6 f6 22. exf6 Qb7 23. Qg4+ Kh8 24. Qxd4 Rad8) 21. Rh6 Rfe8 22. Qxh7+ Kf8 23. Qh8+ Ke7 24. Qf6+ Kd7 25. Qd6+ $2 (25. Qf5+ Qe6 26. Rxe6 fxe6 27. Qe4) 25... Qxd6 26. Rxd6+ {[%emt 0:00:01][%mdl 4096] Endgame. KRR-KRR} (26. exd6 Re2 27. Rh4 (27. Rc1 Rae8 $11) 27... d3 $11) 26... Kc7 27. Rc1+ (27. Rxd4 Rxe5 28. Rc1+ Kb7 29. Rd7+ Kb6 30. Rxf7 Re2 31. Rf6+ Kb7) 27... Kb7 28. f4 Rad8 29. Rxd8 Rxd8 {[%emt 0:00:01] KR-KR} 30. Kf2 Kb6 31. h4 d3 32. Ke3 Rg8 33. Kxd3 Rxg2 34. Rh1 Rxb2 35. h5 {[%emt 0:00:00] White wants to mate with h6.} Rxa2 36. h6 Ra3+ 37. Ke4 Ra4+ {[%emt 0:00:01] Black did not feel at home in the position after the opening.   Weighted Error Value: White=0.34/Black=0.93.  Loses game:     	---       	Black=1      Mistake:       	---       	Black=2      Inaccurate:     	---       	Black=2      OK:         	White=9     	Black=5      Best:        	White=1     	Black=1      Strong:       	White=1     	---        Brilliant:      	White=1     	---} 1-0

[Event "Indian Blitz Championship 2023"]
[Site "Nashik"]
[Date "2024.03.07"]
[Round "3.6"]
[White "Kushagra Mohan"]
[Black "Vaibhav Jayant Raut"]
[Result "1-0"]
[ECO "B23"]
[WhiteElo "2351"]
[BlackElo "2071"]
[Annotator "TA"]
[PlyCount "93"]
[EventDate "2024.03.07"]
[EventType "blitz"]
[EventCountry "IND"]
[SourceTitle "playchess.com"]
[Source "ChessBase"]
[SourceQuality "1"]
[TimeControl "180+2"]

1. e4 c5 2. Nc3 Nc6 3. Bb5 Nd4 4. Nf3 Nxb5 5. Nxb5 d5 6. exd5 a6 7. Nc3 Nf6 8. O-O {[%emt 0:00:02] White has an edge.} Nxd5 9. Ne4 e6 10. d4 cxd4 11. Qxd4 Nf6 (11... Qb6 $11 {keeps the balance.}) 12. Nxf6+ (12. Qxd8+ $16 Kxd8 13. Neg5) 12... gxf6 $14 13. Qh4 Bd7 14. Be3 Be7 15. Rad1 {[%emt 0:00:01] White is much more active.} Qc7 16. c3 Rg8 (16... h5 $11) 17. Qxh7 $16 O-O-O 18. Qxf7 Qc6 {[%emt 0:00:13] [#]} (18... Rde8 $16) 19. Kh1 (19. Qxe7 Rxg2+ 20. Kh1 Qxf3 21. Qc5+ Bc6 22. Rxd8+ Kxd8 23. Qf8+ Kd7 24. Qf7+ Kd6 25. Qf8+ Ke5 26. Bd4+ Ke4 27. Qxf6 Rg8+ 28. Qxf3+ Kxf3 29. h4 Ke2+ 30. Kh2 Kxf1 31. Bf6 Rg2+ (31... Kxf2 $2 32. h5 $19) 32. Kh3 e5 (32... Rxf2 $2 33. Bd8 $19) 33. h5 Bd7+ (33... Rxf2 $2 34. Bxe5 Rf5 35. Bb8 $19) 34. Kh4 Rg4+ (34... Rxf2 $2 35. Bxe5 Rg2 36. h6 $19) 35. Kh3 Kxf2 36. Be7 Rd4+ 37. Kh2 Rd3 38. Bh4+ Kf1 (38... Ke2 {leads to mate.} 39. Kg2 Bc6+ 40. Kh2 Kf1 41. Bg3 Bd7 42. h6 Rd2+ 43. Bf2 Kxf2 44. h7 Kf3+ 45. Kg1 Kg3 46. Kf1 Bg4 47. h8=Q Rd1#) 39. Bg3 Rd2+) (19. Nh4 $1 $18 Bd6 20. g3 (20. Qxf6 Rdf8 $18)) 19... Bd6 (19... Rde8 $16 {was necessary.}) 20. Qxf6 $18 Rdf8 21. Qd4 Rxg2 $2 (21... Bc7 22. Ng5 Rf5) 22. Qxd6 Qxf3 (22... Rgg8 $142 23. Qxd7+ Qxd7 24. Rxd7 Kxd7 25. Rd1+ Kc7) 23. Qxd7+ Kb8 24. Qd6+ (24. Qxe6 $2 Rgg8#) 24... Kc8 25. Qxe6+ Kb8 26. Qd6+ Kc8 {[%emt 0:00:01] [#]} 27. Qxf8+ $3 Qxf8 28. Kxg2 {[%emt 0:00:01] Bb6 is the strong threat.} Qg8+ 29. Kf3 Qf7+ 30. Ke2 Qxa2 31. Rd2 Qc4+ 32. Rd3 Qb3 33. Rd2 Qc4+ $1 34. Ke1 {[%emt 0:00:02] Rg1 would now be deadly.} Qe4 35. Ke2 $2 (35. Rg1 $18 a5 36. Rg8+ Kc7 37. Rg5 (37. Rg7+ Kc6 $18)) 35... Qc4+ $11 36. Rd3 ({Not} 36. Ke1 Qg8 37. h4 Qh7 $18) 36... Qb3 37. Bc1 {[%emt 0:00:01] Strongly threatening Rfd1.} Qc2+ 38. Ke3 Qb3 39. Rfd1 Qe6+ 40. Kf3 {[%emt 0:00:02] Threatening mate with Rd8+.} Qh3+ 41. Ke2 Qg4+ 42. Kd2 Qf4+ 43. Ke1 Qxh2 44. Be3 {[%emt 0:00:04] White mates.} Qh1+ 45. Kd2 Qf3 46. Kc1 Qe2 47. Bb6 {[%emt 0:00:04] Weighted Error Value: White=0.19 (very precise) /Black=0.55.  Mistake:       	White=2     	Black=6      Inaccurate:     	White=3     	Black=3      OK:         	White=6     	Black=6      Best:        	White=4     	Black=3} 1-0

[Event "Indian Blitz Championship 2023"]
[Site "Nashik"]
[Date "2024.03.07"]
[Round "3.7"]
[White "Ojas Kulkarni"]
[Black "Sengupta, Deep"]
[Result "0-1"]
[ECO "E12"]
[WhiteElo "2259"]
[BlackElo "2500"]
[Annotator "TA"]
[PlyCount "94"]
[EventDate "2024.03.07"]
[EventType "blitz"]
[EventCountry "IND"]
[SourceTitle "playchess.com"]
[Source "ChessBase"]
[SourceQuality "1"]
[TimeControl "180+2"]

1. d4 Nf6 2. c4 b6 3. Nf3 Bb7 4. Nc3 e6 5. a3 d5 6. cxd5 Nxd5 7. e3 Be7 8. Bb5+ c6 9. Bd3 c5 10. O-O O-O 11. Re1 Nc6 12. Qc2 h6 13. dxc5 {[%emt 0:00:12] The position is equal.} Nxc3 14. Qxc3 bxc5 15. Qc2 Rb8 16. Bd2 Ba8 17. Bc3 Qd5 (17... Bd6 $11 {keeps the balance.}) 18. Red1 {[%emt 0:00:06] [#] Black must now prevent Bh7+.} Qh5 19. Be2 Rfd8 20. Rxd8+ Rxd8 21. Rd1 Rxd1+ 22. Qxd1 Qd5 23. Qxd5 (23. Qa4 $14) 23... exd5 $11 24. Ne5 Bd6 25. Nxc6 Bxc6 {[%emt 0:00:01][%mdl 4096] Endgame. KBB-KBB} 26. Bf3 f6 27. Kf1 Kf7 28. g3 Ke6 29. Ke2 Be5 30. Bg4+ Kd6 31. Bf3 Bxc3 32. bxc3 {[%emt 0:00:01] KB-KB} Bb5+ 33. Kd2 Bc4 34. h4 g5 35. Bg4 Ke5 36. Bf3 a5 37. Bg2 Bb3 38. f4+ gxf4 39. gxf4+ Kd6 40. Bh3 Bc4 41. Bf5 Kc6 42. Bc2 Kb5 43. Bd1 Ba2 44. Bf3 $2 {[%emt 0:00:04][%mdl 8192] [#]} (44. Kc1 $11 {and White is okay.}) 44... Ka4 $19 45. Bg4 Kxa3 46. Be6 $2 (46. Kc2) 46... Kb2 47. e4 dxe4 {[%emt 0:00:02] Weighted Error Value: White=0.65/Black=0.10 (very precise) .  Loses game:     	White=1     	---        Mistake:       	White=2     	Black=1      Inaccurate:     	White=4     	Black=3      OK:         	White=11    	Black=9      Best:        	---       	Black=2} 0-1

[Event "Indian Blitz Championship 2023"]
[Site "Nashik"]
[Date "2024.03.07"]
[Round "3.8"]
[White "Nitin, S.."]
[Black "Dushyant Sharma"]
[Result "1-0"]
[ECO "A14"]
[WhiteElo "2338"]
[BlackElo "2331"]
[Annotator "TA"]
[PlyCount "81"]
[EventDate "2024.03.07"]
[EventType "blitz"]
[EventCountry "IND"]
[SourceTitle "playchess.com"]
[Source "ChessBase"]
[SourceQuality "1"]
[TimeControl "180+2"]

1. Nf3 d5 2. g3 e6 3. Bg2 Nf6 4. O-O Be7 5. c4 O-O 6. b3 b6 7. Bb2 Bb7 8. d3 c5 9. Nbd2 Nc6 10. a3 Rc8 11. Rc1 a6 (11... d4 $5) 12. cxd5 Nxd5 {[%emt 0:00:20] Die Stellung ist ausgeglichen.} 13. Ne4 Nf6 14. Nfd2 Nxe4 15. Nxe4 Qd7 16. Qd2 Nd4 17. Qd1 f5 18. Nd2 Bxg2 19. Kxg2 e5 (19... b5 $15) 20. Nc4 ({Vorzuziehen ist} 20. b4 $11) 20... Bf6 (20... b5 $15 21. Nxe5 Qd5+ 22. Nf3 Nxb3 (22... Qxb3 23. Bxd4 Qxd1 24. Rfxd1 $11)) 21. e3 $14 (21. Nxb6 $2 {zu gefräßig.} Qc6+ 22. e4 Qxb6 $19) 21... Qd5+ {[%emt 0:00:37] Danach kann Schwarz die Partie nicht mehr halten.} ({Besser ist} 21... Ne6 $14) 22. f3 $18 Ne6 (22... b5 $142) 23. Nxb6 Qb7 24. Nxc8 Rxc8 {[%emt 0:00:02] [#]} 25. b4 $1 Rf8 (25... Rd8 26. Qb3) 26. Qb3 Qe7 27. bxc5 Kh8 28. c6 f4 29. e4 fxg3 30. hxg3 Bg5 31. Bxe5 Bxc1 32. Rxc1 Qg5 {[%emt 0:00:05] [#]} 33. f4 $1 Qg4 (33... Qh5 34. Qd1) 34. Qd1 Qg6 35. c7 h5 36. c8=Q {[%emt 0:00:04] Weiß setzt Matt.} Rxc8 37. Rxc8+ Kh7 38. f5 Qg5 39. fxe6 Qxe5 40. Qf3 h4 41. Qf5+ {[%emt 0:00:01] Gewichteter Fehlerwert: Weiß=0.22 (präzise) /Schwarz=0.87.  Verlustzug:     	---       	Schwarz=1     Fehler:       	Weiß=1     	Schwarz=3     Ungenau:       	Weiß=1     	---        OK:         	Weiß=6     	Schwarz=2     Bester:       	Weiß=3     	Schwarz=1} 1-0

[Event "Indian Blitz Championship 2023"]
[Site "Nashik"]
[Date "2024.03.07"]
[Round "3.9"]
[White "Sharma, Harish"]
[Black "Aradhya, Garg"]
[Result "1/2-1/2"]
[ECO "C54"]
[WhiteElo "1926"]
[BlackElo "2385"]
[Annotator "TA"]
[PlyCount "123"]
[EventDate "2024.03.07"]
[EventType "blitz"]
[EventCountry "IND"]
[SourceTitle "playchess.com"]
[Source "ChessBase"]
[SourceQuality "1"]
[TimeControl "180+2"]

1. e4 e5 2. Nf3 Nc6 3. Bc4 Nf6 4. d3 Bc5 5. c3 O-O 6. O-O d5 7. exd5 Nxd5 8. Qe2 Bg4 9. Re1 Nb6 10. Bb3 Bf5 (10... Kh8 $11 {bleibt in der Remisbreite.}) 11. Bc2 (11. Nxe5 $16 Qf6 12. Nf3) 11... Nd5 12. Nxe5 (12. b4 $14 {behält die Oberhand.} Bb6 13. b5) 12... Nxe5 (12... Re8 $1 $17 13. d4 Bxd4) 13. Qxe5 $15 Re8 (13... Qd7 $11 14. Qe2 Rae8) 14. Qxe8+ $14 Qxe8 15. Rxe8+ Rxe8 16. Kf1 {[%emt 0:00:02] Gegen Re1+ gerichtet.} h5 17. h3 Bd6 18. a4 $1 Nf4 19. Bxf4 Bxf4 20. Na3 g5 21. Rd1 g4 22. g3 Bd6 23. h4 $1 Bxa3 24. bxa3 {[%emt 0:00:01][%mdl 4096] Endspiel. KRB-KRB} Re6 25. Re1 Rc6 26. c4 Kg7 27. Re3 Rb6 28. Re5 Kf6 {[%emt 0:00:19] [#]} 29. Rb5 Rxb5 30. axb5 $16 {[%emt 0:00:05] KB-KB} Ke5 $2 {[%emt 0:00:02] [#]} (30... c5 $16 {ist eine bessere Verteidigung.}) 31. d4+ $1 $18 Kf6 32. Bb3 Bd3+ 33. Ke1 Kf5 34. Kd2 Ke4 35. Kc3 Be2 $2 (35... Bb1 {ist wohl besser.}) 36. Kd2 $2 (36. c5 $18) 36... Bf1 $2 (36... Bd3 $1 $11) 37. c5 f5 38. Bf7 $2 ({Günstiger ist} 38. b6 $18 cxb6 39. cxb6 axb6 40. Bc2+ Kf3 41. Ke1 (41. Bxf5 Kxf2 42. d5 Kxg3 $11)) 38... Kxd4 {[%emt 0:00:01] [#]} (38... Bxb5 $14 39. Bxh5 Kxd4) 39. Bxh5 $2 ({Weiss braucht} 39. b6 $1 $18 cxb6 40. cxb6 axb6 41. Bxh5) 39... Bxb5 $11 40. Bg6 Ke5 41. Ke3 b6 42. cxb6 axb6 43. h5 {[%emt 0:00:03] Droht h6 und aus.} Kf6 44. Kf4 Bd7 45. Bh7 Be6 46. h6 $2 (46. Bg6 $11) 46... c5 $19 47. f3 gxf3 48. Kxf3 c4 $2 (48... Kg5 $19 49. g4 fxg4+ 50. Ke3 Kxh6) 49. Ke3 $11 Kg5 50. Kd4 Kxh6 (50... b5 {ist vielschichtiger.} 51. Bxf5 Bxf5 52. a4 bxa4 53. Kxc4 Bc2) 51. Bxf5 Bxf5 52. Kxc4 {[%emt 0:00:01] KB-KPP} Bd7 53. Kb4 {[%emt 0:00:06] Gegen Ba4 gerichtet.} b5 54. a4 bxa4 {[%emt 0:00:01] KB-KP} 55. g4 Kg5 $17 ({Viel schlechter ist} 55... Bxg4 $6 56. Kxa4 $11) 56. Kc3 Be6 (56... Kxg4 $2 57. Kb2 $19) (56... Bxg4 $2 57. Kc2 $19) (56... Kh4 $17 57. Kb4 Kxg4 (57... Bxg4 58. Kxa4 $11)) 57. Kb4 $11 Bb3 58. Ka3 Kxg4 59. Kb2 Kf4 60. Ka1 Ke3 61. Kb1 a3 ({Vorzuziehen ist} 61... Be6 $17 62. Kb2 Kd3) 62. Ka1 {[%emt 0:00:01] Weiß hat die Chance genutzt.   Gewichteter Fehlerwert: Weiß=0.63/Schwarz=0.52.  Verlustzug:     	Weiß=1     	Schwarz=2     Gewinn verpasst:   	Weiß=3     	---        Fehler:       	Weiß=3     	Schwarz=7     Ungenau:       	Weiß=1     	Schwarz=3     OK:         	Weiß=18    	Schwarz=14    Bester:       	Weiß=9     	Schwarz=4     Stark:        	Weiß=2     	---        Brilliant:      	Weiß=1     	---} 1/2-1/2